 Dungeon Crawl Stone Soup version 0.17-a0-2064-g265a032 (webtiles) character file.

122 Gruud the Insei (level 4, -2/32 HPs)
             Began as a Demonspawn Transmuter on Oct 12, 2015.
             Was an Initiate of Makhleb.
             Slain by a gnoll
             ... wielding a +0 spear
              (7 damage)
             ... on level 3 of the Dungeon.
             The game lasted 00:07:51 (1813 turns).

Gruud the Insei (Demonspawn Transmuter)             Turns: 1813, Time: 00:07:51

Health: -2/32      AC:  9    Str: 11    XL:     4   Next: 78%
Magic:  5/7        EV: 12    Int: 16    God:    Makhleb [......]
Gold:   63         SH:  0    Dex: 12    Spells: 3 memorised, 1 level left

rFire  . . .     SeeInvis .       - Unarmed
rCold  . . .     Clarity  .     b - +1 robe
rNeg   . . .     SustAt   .     (no shield)
rPois  .         Gourm    .     (helmet restricted)
rElec  .         Spirit   .     (no cloak)
rCorr  .         Warding  .     (no gloves)
rMut   .         Stasis   .     (no boots)
MR     .....                    (no amulet)
Stlth  +.........               (no ring)
                                (no ring)

@: not resistant to hostile enchantments, very unstealthy
A: antennae 1, iridescent scales 2, clever 1, clumsy 1, powered by pain 1
a: Renounce Religion


You were on level 3 of the Dungeon.
You worshipped Makhleb.
Makhleb was noncommittal.
You were not hungry.

You visited 1 branch of the dungeon, and saw 3 of its levels.

You collected 63 gold pieces.

Inventory:

Missiles
 e - 44 stones (quivered)
Armour
 b - a +1 robe (worn)
Jewellery
 k - an uncursed ring of teleportation
Wands
 g - a wand of hasting (0)
Scrolls
 f - 7 scrolls of identify
Potions
 a - a potion of cancellation {unknown}
 i - a potion of ambrosia {unknown}
 j - a potion of curing {unknown}
 l - a potion of resistance {unknown}
Books
 c - a book of Changes

   Spells                             Type                      Level
   a - Beastly Appendage              Transmutation                1
   b - Sticks to Snakes               Transmutation                2
   c - Spider Form                    Transmutation/Poison         3
   d - Ice Form                       Ice/Transmutation            4
   e - Blade Hands                    Transmutation                5
Comestibles
 d - a bread ration
 h - 3 fruits


   Skills:
 - Level 1.0 Fighting
 + Level 2.0 Dodging
 * Level 4.0 Unarmed Combat
 - Level 2.0 Spellcasting
 + Level 3.3 Transmutations


You had one spell level left.
You knew the following spells:

 Your Spells              Type           Power        Failure   Level  Hunger
a - Beastly Appendage     Trmt           ##....       8%          1    #......
b - Sticks to Snakes      Trmt           ##........   10%         2    ###....
c - Spider Form           Trmt/Pois      #.........   34%         3    ###....


Dungeon Overview and Level Annotations

Branches:
Dungeon (3/15)

Altars:
Fedhas
Makhleb

Annotations:
D:2 Robin


Innate Abilities, Weirdness & Mutations

You are mostly covered in iridescent scales (AC +6).
You sometimes gain a little power by taking damage.
You have a pair of small antennae on your head.
Your mind is acute. (Int +2)
You are clumsy. (Dex -2)


Message History

You completely miss the gnoll.
The gnoll hits you from afar with a spear!
You hit the gnoll.
The gnoll is poisoned.
The gnoll is moderately wounded.
The gnoll closely misses you. x2
You barely miss the gnoll.
The gnoll is heavily wounded.
The gnoll closely misses you.
The gnoll hits you from afar with a spear!
* * * LOW HITPOINT WARNING * * *
You hit the gnoll.
The gnoll looks even sicker.
The gnoll is almost dead.
Your transformation has ended.
Your +1 robe unmelds from your body.
You kill the gnoll!
Makhleb accepts your kill.
Your Dodging skill increases to level 2!
Your Unarmed Combat skill increases to level 4!
The gnoll hits you from afar with a spear!
You die...

##### #.+ +.#.# #.##
.....g..# #...# #.#
.#...g#.##+##.#.# #.#
.....g..........####.#
##(# .# #......# #..#
.# #.###### #g## #)#
#)# #.# #@# #.# #.#
#.# #.# #.#
##.###.########.#
.................#
##################


You could see a gnoll.

Vanquished Creatures
  Jessica (D:2)
  3 gnolls (D:3)
  An adder (D:2)
  A giant gecko (D:3)
  5 bats (D:1)
  4 goblins
  7 hobgoblins
  4 jackals (D:1)
  A quokka (D:2)
  A ball python (D:1)
  A giant newt (D:1)
  8 kobolds
  2 rats (D:1)
39 creatures vanquished.

Vanquished Creatures (collateral kills)
  Ijyb (D:2)
  An adder (D:2)
  A hobgoblin (D:1)
  A kobold (D:1)
  A rat (D:1)
5 creatures vanquished.

Grand Total: 44 creatures vanquished

Notes
Turn   | Place    | Note
--------------------------------------------------------------
     0 | D:1      | Gruud the Demonspawn Transmuter began the quest for the Orb.
     0 | D:1      | Reached XP level 1. HP: 15/15 MP: 3/3
   422 | D:2      | Gained mutation: You are partially covered in iridescent scales (AC +4). [demonic ancestry]
   422 | D:2      | Reached XP level 2. HP: 21/21 MP: 3/5
   458 | D:2      | Found a faded altar to an unknown god.
   462 | D:2      | Noticed Jessica
   467 | D:2      | Learned a level 2 spell: Sticks to Snakes
   473 | D:2      | Reached skill level 3 in Unarmed Combat
   481 | D:2      | Killed Jessica
   503 | D:2      | Gained mutation: Your mind is acute. (Int +2) [potion of mutation]
   503 | D:2      | Gained mutation: You have a pair of small antennae on your head. [potion of mutation]
   503 | D:2      | Gained mutation: You are clumsy. (Dex -2) [potion of mutation]
   523 | D:2      | Noticed Ijyb
   709 | D:1      | Gained mutation: You sometimes gain a little power by taking damage. [demonic ancestry]
   709 | D:1      | Reached XP level 3. HP: 19/26 MP: 6/6
   769 | D:1      | Learned a level 3 spell: Spider Form
  1088 | D:2      | Found a blossoming altar of Fedhas.
  1101 | D:2      | Killed Ijyb
  1195 | D:2      | Gained mutation: You are mostly covered in iridescent scales (AC +6). [demonic ancestry]
  1195 | D:2      | Reached XP level 4. HP: 22/32 MP: 3/7
  1388 | D:2      | Found a burning altar of Makhleb.
  1399 | D:2      | Became a worshipper of Makhleb the Destroyer
  1403 | D:2      | Noticed Robin
  1813 | D:3      | Reached skill level 4 in Unarmed Combat
  1813 | D:3      | Slain by a gnoll

Vault maps used:
D:1:      dpeg_cavernosity
D:2:      nicolae_overflow_hidden_temple, lemuel_round_altar,
          ecumenical_altar_1, kennysheep_jessica_study, uniq_iyjb, uniq_robin
D:3:      lemuel_round_altar, first_bread, minmay_misc_feat_doors, uniq_grinder

Action                   |  1- 3 |  4- 6 || total
-------------------------+-------+-------++-------
Melee: Unarmed           |   104 |    54 ||   158
 Cast: Beastly Appendage |    15 |     6 ||    21
       Sticks to Snakes  |    10 |     2 ||    12
       Spider Form       |       |     1 ||     1
  Use: Scroll            |     3 |     1 ||     4
       Potion            |     1 |       ||     1
  Eat: Chunk             |     2 |     2 ||     4
